 Dungeon Crawl Stone Soup version 0.29.1-4-g47bece8355 (webtiles) character file.

Game seed: 13740871909559938647

138489 CungeonDrawl the Slayer (level 17, -2/146 HPs)
             Began as a Djinni Air Elementalist on Dec 8, 2022.
             Was the Champion of Makhleb.
             Killed from afar by Bai Suzhen (35 damage)
             ... with a torrent of water
             ... on level 3 of the Swamp on Dec 9, 2022.
             The game lasted 04:15:00 (33062 turns).

CungeonDrawl the Slayer (Djinni Air Elementalist)  Turns: 33062, Time: 04:15:01

Health: -2/146     AC: 13    Str:  7    XL:     17   Next: 86%
Gold:   378        EV: 18    Int: 30    God:    Makhleb [******] SH:  5 Dex: 15

rFire   + + +      SeeInvis .   r - staff of cold
rCold   + + .      Faith    .   y - +0 buckler
rNeg    . . .      Spirit   .   T - +4 troll leather armour
rPois   ∞          Reflect  .   h - +1 helmet
rElec   .          Harm     .   F - scarf {rC+ rF+}
rCorr   .          Rampage  .   u - +1 pair of gloves of Qaedenti {Stlth+}
Will    +....                   (boots unavailable)
Stlth   +++.......              O - amulet of regeneration
HPRegen 1.94/turn               t - +6 ring of intelligence
MPRegen 0.00/turn               v - ring of protection from cold

@: flying
A: sickness immunity, fire resistance 2, cold vulnerability 1, float, innate
caster, HP casting, extra vitality 1
a: Renounce Religion, Minor Destruction, Lesser Servant of Makhleb, Major
Destruction, Greater Servant of Makhleb


You were on level 3 of the Swamp.
You worshipped Makhleb.
Makhleb was exalted by your worship.
You visited 5 branches of the dungeon, and saw 27 of its levels.
You also visited: Bailey and Gauntlet.

You collected 2466 gold pieces.
You spent 2088 gold pieces at shops.

Inventory:

Missiles
 a - a throwing net
 k - 10 curare-tipped darts
 o - 6 atropa-tipped darts
Armour
 h - a +1 helmet (worn)
 u - the +1 pair of gloves of Qaedenti (worn) {Stlth+}
   (You bought it in a shop on level 15 of the Dungeon)

   Stlth:     It makes you more stealthy.
 y - a +0 buckler (worn)
 F - a scarf of resistance (worn)
 T - a +4 troll leather armour (worn)
Magical Staves
 r - a staff of cold (weapon)
 E - a staff of fire
Jewellery
 t - a +6 ring of intelligence (left hand)
 v - a ring of protection from cold (right hand)
 I - a ring of see invisible
 O - an amulet of regeneration (around neck)
 P - a +4 ring of protection
Wands
 g - a wand of flame (47)
 i - a wand of mindburst (6)
 B - a wand of acid (2)
 K - a wand of iceblast (31)
 L - a wand of digging (4)
 R - a wand of paralysis (23)
Scrolls
 c - a scroll of noise
 e - 5 scrolls of immolation
 f - a scroll of teleportation
 j - 4 scrolls of blinking
 l - a scroll of magic mapping
 q - 4 scrolls of butterflies
 w - 4 scrolls of torment
 A - a scroll of silence
 D - 2 scrolls of vulnerability
 J - a scroll of brand weapon
 N - a scroll of fear
 W - 4 scrolls of identify
Potions
 b - a potion of heal wounds
 d - 3 potions of curing
 m - 2 potions of invisibility
 p - 6 potions of brilliance
 s - 3 potions of ambrosia
 x - 2 potions of haste
 z - 3 potions of mutation
 C - a potion of lignification
 G - 3 potions of resistance
 H - 4 potions of attraction
Miscellaneous
 n - a lightning rod (4/4)
 M - a condenser vane
 U - a tin of tremorstones (2/2)


   Skills:
 - Level 21.4 Fighting
 - Level 4.0 Armour
 * Level 15.2 Dodging
 - Level 1.5 Stealth
 - Level 4.0 Shields
 - Level 12.9 Spellcasting
 - Level 8.2 Evocations


You couldn't memorise any spells.
You knew the following spells:

 Your Spells              Type           Power      Damage    Failure   Level
a - Shock                 Conj/Air       100%       1d9       1%          1
b - Static Discharge      Conj/Air       77%        3-13/arc  1%          2
c - Swiftness             Air            77%        N/A       1%          3
d - Airstrike             Air            38%        2d(6-22)  1%          4
e - Apportation           Tloc           100%       N/A       1%          1
f - Call Imp              Summ           77%        N/A       1%          2
g - Conjure Flame         Conj/Fire      77%        6-21      1%          3
h - Summon Lightning Spi  Summ/Air       77%        N/A       1%          4
i - Hailstorm             Conj/Ice       98%        3d19      1%          4
j - Lightning Bolt        Conj/Air       38%        1d57      1%          5
k - Conjure Ball Lightni  Conj/Air       38%        3x3d12    3%          6
l - Summon Cactus Giant   Summ           38%        N/A       3%          6
Your spell library was empty.

Dungeon Overview and Level Annotations

Branches:
Dungeon (15/15)            Temple (1/1) D:5            Lair (5/5) D:9
  Swamp (4/4) Lair:3       Spider (0/4) Lair:3        Slime (0/5) Lair:5
    Orc (2/2) D:10            Elf (0/3) Orc:2        Vaults (0/5) D:14
 Depths (0/4) D:15         Bailey (visited)         Gauntlet (visited)

Altars:
Ashenzari
Cheibriados
Dithmenos
Elyvilon
Fedhas
Gozag
Hepliaklqana
Makhleb
Nemelex Xobeh
Okawaru
Qazlal
Ru
Trog
Uskayaw
Wu Jian
Xom
Yredelemnul
Zin
The Shining One
Jiyva

Shops:
D:1 [=[*(   D:9 !*   D:13 *   D:15 [   Orc:2 :*[(

Annotations:
D:12 2 transporters, Prepator's ghost, journeyman NaIE
D:13 3 runed translucent doors, ripuliukko's ghost, journeyman GrEE
Swamp:3 Bai Suzhen


Innate Abilities, Weirdness & Mutations

You are immune to sickness and miasma.
You are immune to poison.
Your flesh is very heat resistant. (rF++)
You are vulnerable to cold. (rC-)
You float through the air rather than walking.
You learn spells naturally, not from books.
Your magical power is your life essence.
You have superior vitality. (+4 MHP)


Message History

Press: ? - help, Dir - move target, f/p - Bai Suzhen
Aim: Bai Suzhen (severely wounded, surrounded by thunder, catching her breath, ally target, empty space bonus: 6/8)
The air twists around and strikes Bai Suzhen!
Bai Suzhen is almost dead.
You are standing in a thunderstorm.
You are struck by lightning!
Bai Suzhen bites you!
* * * LOW HITPOINT WARNING * * *
Bai Suzhen claws you but does no damage.
Bai Suzhen tramples you but does no damage.
Casting: Airstrike (safe; 1% risk of failure)
Confirm with . or Enter, or press ? or * to list all spells.
Aiming: Airstrike (safe; 1% risk of failure)
Press: ? - help, Dir - move target, f/p - Bai Suzhen
Aim: Bai Suzhen (almost dead, surrounded by thunder, ally target, empty space bonus: 6/8)
The air twists around and strikes Bai Suzhen.
Bai Suzhen is almost dead.
* * * LOW HITPOINT WARNING * * *
You are standing in a thunderstorm.
Bai Suzhen bites you but does no damage.
Bai Suzhen claws you but does no damage.
Bai Suzhen tramples you.
* * * LOW HITPOINT WARNING * * *
You are shoved backwards!
Okay, then.
Unknown command.
Press: ? - help, v - describe, . - travel
Here: Bai Suzhen (almost dead, surrounded by thunder, ally target)
A stone staircase leading down.
Unknown command.
Casting: Airstrike (safe; 1% risk of failure)
Confirm with . or Enter, or press ? or * to list all spells.
Aiming: Airstrike (safe; 1% risk of failure)
Press: ? - help, Dir - move target, f/p - Bai Suzhen
Aim: Bai Suzhen (almost dead, surrounded by thunder, ally target, empty space bonus: 6/8)
The air twists around and strikes Bai Suzhen but does no damage.
* * * LOW HITPOINT WARNING * * *
You are standing in a thunderstorm.
Bai Suzhen breathes water at you. The torrent of water hits you!!
You die...

.~~~~~~~~~.♣♣...~~~?~~.........~♣
~~~~~~.~~~~♣.~~~.♣♣.~~~~........♣
§~~§~...~~~.~~~~.♣♣.~~~~~.~~~~~♣♣
..~~~~.~.♣~..~~~..~♣...~~...~~~♣
~~.~~~~~~♣.~~~.~..♣♣♣.~§~..~~.♣♣
~~~~~.~~[♣§~~..~~.~♣♣.~~~~~~~~♣♣
~~~~.♣.~♣~~~~♣♣♣~.♣♣♣~~§..~~~~~♣
...♣♣...~~.~~~♣~~♣♣~......~~~.♣♣
♣♣♣♣~.~~~..§~.~)@§§~...~.~♣....♣
♣:~~~~.~~~)♣♣§D§§...~...>..~♣
♣.~~.~...(♣♣♣♣§§~~..~~~.~~.♣♣
♣♣♣♣..~~~♣♣ ♣~C§~~~♣.~~...♣♣
♣♣♣♣♣~.~~~.♣ ♣.~~~~.......♣♣ ♣
♣♣~~♣♣.~~~~~♣ ♣.~~~).~.♣♣..♣ ♣
~♣♣§.♣♣.~~..♣ ♣~...§...♣♣♣♣♣ ♣
~.♣♣...~~...♣ ♣♣♣♣♣~~.[..~♣ ♣
~~.~~§~~~~~.♣ ♣..~~~~~.♣ ♣


You could see Bai Suzhen (clouds, catching breath, ally target) and a friendly
cactus giant (summoned).

Vanquished Creatures
  3 tentacled monstrosities
  Roxanne (Swamp:1)
  2 orc warlords (Orc:2)
  A stone giant (D:15)
  An eleionoma (Swamp:2)
  5 bunyips
  A minotaur (Gauntlet)
  A shambling mangrove (Swamp:2)
  5 hydras
  A ghost crab (Swamp:3)
  2 boulder beetles
  An ogre mage (D:15)
  7 two-headed ogres
  4 centaur warriors
  4 catoblepae
  Erica (D:8)
  4 alligators (Swamp:3)
  5 death yaks (Lair:5)
  2 orc high priests (Orc:2)
  Nergalle (Lair:2)
  4 skeletal warriors (D:13)
  4 goliath frogs
  4 bog bodies
  A swamp dragon (Swamp:3)
  4 spriggan druids
  A wizard (D:14)
  A deep elf pyromancer (D:12)
  5 orc knights
  2 lindwurms (Lair:5)
  5 orc sorcerers (Orc:2)
  13 ugly things
  A wolf spider (D:12)
  A moth of wrath (shapeshifter) (D:13)
  A manticore (D:11)
  Maurice (D:8)
  A will-o-the-wisp (Swamp:2)
  6 cyclopes
  8 elephants
  9 black mambas
  A black mamba (shapeshifter) (D:15)
  3 gargoyles
  A molten gargoyle (Gauntlet)
  5 cane toads
  A demonic crawler (Lair:3)
  3 rime drakes
  A kobold demonologist (D:14)
  A yaktaur (shapeshifter) (D:15)
  2 nameless horrors
  6 komodo dragons
  A tengu conjurer (D:15)
  7 polar bears
  Prince Ribbit (D:5)
  5 trolls
  8 tyrant leeches
  4 slime creatures (D:13)
  12 blink frogs
  7 hornets
  A slime creature (shapeshifter) (Gauntlet)
  Sigmund (D:2)
  5 dream sheep (Lair:5)
  8 spriggans
  4 flying skulls (Gauntlet)
  A shadow (D:9)
  A culicivora (shapeshifter) (D:14)
  4 wyverns
  Eustachio (D:5)
  3 wraiths
  9 humans (D:14)
  2 basilisks
  A hog (shapeshifter) (Gauntlet)
  38 yaks
  10 vampire mosquitoes
  6 wargs
  13 swamp worms
  2 acid dragons
  Menkaure (D:5)
  14 water moccasins
  33 orc warriors
  2 ice beasts
  A swamp drake (Swamp:2)
  3 black bears
  11 ogres
  15 wolves
  3 boggarts (Lair:5)
  14 centaurs
  A phantom (D:5)
  14 bullfrogs
  A necrophage (D:5)
  A kobold brigand (D:14)
  3 scorpions
  11 wights
  Dowan (D:6)
  9 killer bees
  A howler monkey (D:12)
  An electric eel (Lair:2)
  15 jellies
  Crazy Yiuf (D:3)
  3 hounds
  23 orc priests
  A gnoll bouda (D:8)
  An iguana (D:5)
  Terence (D:3)
  Natasha (thrice) (D:3)
  21 orc wizards
  10 gnolls
  5 adders
  2 shadow imps
  6 dart slugs
  3 worms
  71 orcs
  4 ball pythons
  5 bats
  9 endoplasms
  4 giant cockroaches
  8 goblins
  7 hobgoblins
  4 jackals (D:5)
  7 quokkas
  A frilled lizard (D:1)
  9 kobolds
  8 rats
675 creatures vanquished.

Vanquished Creatures (collateral kills)
  Nessos (D:13)
  An eleionoma (Swamp:2)
  A shambling mangrove (Swamp:2)
  A vault guard (D:14)
  A boulder beetle (D:13)
  4 hydras
  2 ghost crabs (Swamp:2)
  A catoblepas (Lair:5)
  2 centaur warriors
  A death yak (Lair:5)
  A deep troll shaman (Lair:5)
  An orc high priest (Orc:2)
  A fire crab (shapeshifter) (Gauntlet)
  3 spriggan druids
  3 goliath frogs
  A bog body (Swamp:2)
  An orc sorcerer (Orc:2)
  A cyclops (D:14)
  An ugly thing (D:12)
  2 manticores
  3 elephants
  A black mamba (Lair:1)
  2 cane toads
  Psyche (D:8)
  5 komodo dragons
  A tengu conjurer (D:14)
  2 tyrant leeches
  A troll (D:10)
  6 hornets
  3 blink frogs
  2 dream sheep (Lair:5)
  A shadow (D:10)
  A spriggan (Swamp:2)
  A human (D:14)
  16 yaks
  A wraith (D:11)
  Grum (D:8)
  4 vampire mosquitoes
  A warg (Orc:2)
  3 water moccasins
  Duvessa (D:6)
  A swamp drake (Swamp:3)
  A black bear (D:7)
  6 orc warriors
  2 ogres
  6 wolves
  A boggart (Lair:5)
  3 centaurs
  A gnoll sergeant (D:10)
  3 bullfrogs (Lair:3)
  2 scorpions (Lair:3)
  6 wights
  12 killer bees
  A jelly (D:6)
  9 orc priests
  2 iguanas
  6 orc wizards
  5 gnolls
  An adder (D:6)
  A white imp (D:8)
  18 orcs
  A hobgoblin (D:7)
  A kobold (D:14)
  A butterfly (Lair:2)
177 creatures vanquished.

Vanquished Creatures (others)
  A hornet (Swamp:2)
  A human (D:14)
  A bush (Lair:5)
  25 fungi
  56 plants
84 creatures vanquished.

Grand Total: 936 creatures vanquished

Notes
Turn   | Place    | Note
-------+----------+-------------------------------------------
     0 | D:1      | CungeonDrawl the Djinni Air Elementalist began the quest
                  | for the Orb.
     0 | D:1      | CungeonDrawl set off with the following spells memorised:
                  | Shock, Static Discharge, Swiftness, Airstrike.
     0 | D:1      | Reached XP level 1. HP: 15/15 MP: 0/0
   161 | D:1      | Found Cidus's Antique Armour Shop.
   304 | D:1      | Reached XP level 2. HP: 18/21 MP: 0/0
   532 | D:1      | Reached XP level 3. HP: 20/25 MP: 0/0
   532 | D:1      | Learned a level 1 spell: Apportation
   648 | D:1      | Found a faded altar of an unknown god.
   714 | D:1      | Found Xaepiano's Assorted Antiques.
   715 | D:1      | Found Hempy's Antique Weapon Shoppe.
  1123 | D:1      | Found Qogauck's Armour Emporium.
  1164 | D:1      | Found Rinores's Jewellery Shop.
  1747 | D:2      | Identified the +2 cloak of True Grit {rPois}
  1951 | D:2      | Reached XP level 4. HP: 28/31 MP: 0/0
  2394 | D:2      | Noticed Sigmund
  2408 | D:2      | Killed Sigmund
  2409 | D:2      | Reached skill level 5 in Spellcasting
  2409 | D:2      | Reached XP level 5. HP: 7/35 MP: 0/0
  2409 | D:2      | Learned a level 2 spell: Call Imp
  2409 | D:2      | Reached XP level 6. HP: 8/40 MP: 0/0
  2983 | D:3      | Identified the +0 plate armour "Haskupri" {rElec Str+6}
  3068 | D:3      | Noticed Terence
  3119 | D:3      | Killed Terence
  3245 | D:3      | Noticed Natasha
  3248 | D:3      | Killed Natasha
  3399 | D:3      | Noticed a +0 dagger
  3400 | D:3      | Noticed a +0 short sword
  3400 | D:3      | Noticed a +0 dagger
  3401 | D:3      | Noticed a +0 falchion
  3401 | D:3      | Noticed a +0 spear
  3402 | D:3      | Noticed a +0 spear
  3402 | D:3      | Noticed a +0 falchion
  3402 | D:3      | Noticed a +0 short sword
  3407 | D:3      | Found a hide-covered altar of Uskayaw.
  3455 | D:3      | Found a snail-covered altar of Cheibriados.
  3634 | D:3      | Noticed Natasha
  3638 | D:3      | Killed Natasha
  3775 | D:3      | Found a runed translucent door.
  3776 | D:3      | Noticed Crazy Yiuf
  3893 | D:3      | Noticed Natasha
  3899 | D:3      | Killed Natasha
  4068 | D:3      | Killed Crazy Yiuf
  4069 | D:3      | Reached XP level 7. HP: 34/45 MP: 0/0
  4069 | D:3      | Learned a level 3 spell: Conjure Flame
  4434 | D:4      | Found an iron altar of Okawaru.
  4707 | D:4      | Reached skill level 1 in Fighting
  5107 | D:1      | Bought a fine robe for 153 gold pieces
  5107 | D:1      | Identified the +2 robe "Ninibleb" {rElec} (You bought it in
                  | a shop on level 1 of the Dungeon)
  5192 | D:5      | Entered Level 5 of the Dungeon
  5261 | D:5      | Noticed Prince Ribbit
  5279 | D:5      | Killed Prince Ribbit
  5280 | D:5      | Reached skill level 3 in Fighting
  5280 | D:5      | Reached XP level 8. HP: 46/58 MP: 0/0
  5385 | D:5      | Found a staircase to the Ecumenical Temple.
  5385 | D:5      | Noticed Eustachio
  5402 | D:5      | Killed Eustachio
  5485 | Temple   | Entered the Ecumenical Temple
  5605 | Temple   | Became a worshipper of Makhleb the Destroyer
  6180 | D:5      | Found a white marble altar of Elyvilon.
  6743 | D:5      | Reached skill level 4 in Fighting
  6916 | D:5      | Noticed Menkaure
  6918 | D:5      | Killed Menkaure
  6919 | D:5      | Reached skill level 5 in Fighting
  6919 | D:5      | Reached XP level 9. HP: 53/65 MP: 0/0
  6919 | D:5      | Learned a level 4 spell: Summon Lightning Spire
  7876 | D:6      | Found a bloodstained altar of Trog.
  8040 | D:6      | Reached * piety under Makhleb
  8397 | D:6      | Reached skill level 6 in Fighting
  8482 | D:6      | Noticed Duvessa
  8488 | D:6      | Killed Duvessa
  8777 | D:6      | Reached skill level 7 in Fighting
  9048 | D:6      | Noticed Dowan
  9053 | D:6      | Killed Dowan
  9178 | D:7      | Reached XP level 10. HP: 59/76 MP: 0/0
  9180 | D:7      | Reached skill level 8 in Fighting
  9280 | D:7      | Found an opulent altar of Gozag.
  9540 | D:7      | Reached skill level 9 in Fighting
  9765 | D:7      | Found a flagged portal.
  9780 | Bailey   | Entered a bailey
  9782 | Bailey   | Reached ** piety under Makhleb
 10316 | Bailey   | Reached skill level 10 in Fighting
 10997 | Bailey   | Reached skill level 11 in Fighting
 11461 | D:7      | Reached XP level 11. HP: 47/89 MP: 0/0
 11461 | D:7      | Learned a level 4 spell: Hailstorm
 11674 | D:7      | Found a stormy altar of Qazlal.
 12033 | D:7      | Reached *** piety under Makhleb
 12034 | D:7      | Reached skill level 12 in Fighting
 12215 | D:7      | Found a broken altar of Ashenzari.
 12246 | D:7      | Found a shadowy altar of Dithmenos.
 12246 | D:7      | Found a shimmering altar of Xom.
 12507 | D:1      | Bought a pink potion for 24 gold pieces
 12507 | D:1      | Bought a scroll of identify for 54 gold pieces
 12708 | D:8      | Noticed Maurice
 12715 | D:8      | Killed Maurice
 13061 | D:8      | Noticed Grum
 13477 | D:8      | Noticed Erica
 13512 | D:8      | Killed Grum
 13700 | D:8      | Reached skill level 13 in Fighting
 13914 | D:8      | Noticed Psyche
 13919 | D:8      | Killed Psyche
 15115 | D:8      | Killed Erica
 15306 | D:9      | Noticed an angel
 15306 | D:9      | Found Goafub Zyoh's Hallowed Reliquary.
 15314 | D:9      | Reached skill level 14 in Fighting
 15857 | D:9      | Found a staircase to the Lair.
 15926 | D:9      | Found Bamidgh's Distillery.
 15934 | D:9      | Bought a potion of attraction for 42 gold pieces
 15934 | D:9      | Bought a potion of resistance for 140 gold pieces
 16041 | D:9      | Noticed a catoblepas
 16106 | D:9      | Reached XP level 12. HP: 91/101 MP: 0/0
 16165 | D:9      | Reached skill level 15 in Fighting
 16206 | D:9      | Killed a catoblepas
 16206 | D:9      | Reached **** piety under Makhleb
 16335 | D:9      | Noticed a two-headed ogre
 16353 | D:9      | Killed a two-headed ogre
 16496 | D:10     | Entered Level 10 of the Dungeon
 16496 | D:10     | Found a staircase to the Orcish Mines.
 16610 | D:10     | Noticed a two-headed ogre
 16666 | D:10     | Killed a two-headed ogre
 16683 | D:10     | Reached skill level 16 in Fighting
 16764 | D:10     | Found a sparkling altar of Nemelex Xobeh.
 17271 | D:10     | Identified the +2 pair of gloves of Ypat {rF++ Int-4}
 17616 | D:10     | Reached skill level 1 in Armour
 17616 | D:10     | Reached skill level 1 in Shields
 18171 | D:11     | Identified the +3 leather armour of the Realm of Zot {rN+
                  | Int+3 Dex+4}
 18988 | D:12     | Noticed a two-headed ogre
 18990 | D:12     | Killed a two-headed ogre
 18991 | D:12     | Reached XP level 13. HP: 106/111 MP: 0/0
 18991 | D:12     | Learned a level 5 spell: Lightning Bolt
 19060 | D:12     | Found a transporter.
 19295 | D:12     | Reached skill level 17 in Fighting
 19295 | D:12     | Noticed a boulder beetle
 19299 | D:12     | Killed a boulder beetle
 19469 | D:12     | Noticed Prepator's ghost (journeyman NaIE)
 19481 | D:12     | Found a transporter.
 19898 | D:13     | Noticed a centaur warrior
 19959 | D:13     | Noticed a catoblepas
 19979 | D:13     | Killed a catoblepas
 19980 | D:13     | Reached skill level 18 in Fighting
 20028 | D:13     | Reached ***** piety under Makhleb
 20036 | D:13     | Noticed a boulder beetle
 20038 | D:13     | Killed a centaur warrior
 20051 | D:13     | Noticed a centaur warrior
 20084 | D:13     | Noticed a minotaur
 20088 | D:13     | Noticed ripuliukko's ghost (journeyman GrEE)
 20112 | D:13     | Found a runed translucent gate.
 20112 | D:13     | Found a runed translucent gate.
 20112 | D:13     | Found a runed translucent gate.
 20128 | D:13     | Found Myusch's CLEARANCE SALE!.
 20148 | D:13     | Noticed Nessos
 20157 | D:13     | Killed a boulder beetle
 20319 | D:13     | Killed Nessos
 20320 | D:13     | Reached skill level 19 in Fighting
 20407 | D:13     | Reached XP level 14. HP: 123/123 MP: 0/0
 21423 | D:13     | Reached skill level 20 in Fighting
 21689 | D:14     | Found a gate to the Vaults.
 22433 | D:1      | Bought a +1 cloak of willpower for 181 gold pieces
 23013 | Lair:1   | Entered Level 1 of the Lair of Beasts
 23234 | Lair:1   | Reached skill level 5 in Dodging
 23662 | Lair:1   | You are sucked into a shaft and drop 1 floor!
 23911 | Lair:2   | Reached ****** piety under Makhleb
 23960 | Lair:2   | Reached XP level 15. HP: 130/132 MP: 0/0
 23960 | Lair:2   | Learned a level 6 spell: Conjure Ball Lightning
 23967 | Lair:2   | Noticed Nergalle
 23980 | Lair:2   | Killed Nergalle
 24529 | Lair:3   | Reached skill level 10 in Dodging
 24554 | Lair:3   | Found a hole to the Spider Nest.
 24792 | Lair:3   | Found a staircase to the Swamp.
 25218 | Lair:4   | Identified the +1 ring mail "Nekuuggo" {rElec rC- Regen+
                  | Str+2}
 25655 | Lair:5   | Entered Level 5 of the Lair of Beasts
 25914 | Lair:5   | Found a staircase to the Slime Pits.
 26377 | Lair:5   | Found a viscous altar of Jiyva.
 26675 | Lair:5   | Reached XP level 16. HP: 135/139 MP: 0/0
 26861 | Lair:5   | Identified the +9 trident of Famine {antimagic, Str+2 Int+3
                  | Dex+6}
 27345 | D:15     | Entered Level 15 of the Dungeon
 27477 | D:15     | Found a staircase to the Depths.
 27492 | D:15     | Reached skill level 15 in Dodging
 27680 | D:15     | Found Inlabu's Antique Armour Shop.
 27685 | D:15     | Bought a pair of twisted gloves for 266 gold pieces
 27685 | D:15     | Identified the +1 pair of gloves of Qaedenti {Stlth+} (You
                  | bought it in a shop on level 15 of the Dungeon)
 27743 | D:15     | Reached skill level 1 in Evocations
 28013 | Orc:1    | Entered Level 1 of the Orcish Mines
 28323 | Orc:2    | Entered Level 2 of the Orcish Mines
 28427 | Orc:2    | Found a gate leading to a gauntlet.
 28436 | Orc:2    | Found a staircase to the Elven Halls.
 28438 | Gauntlet | Entered a Gauntlet
 28438 | Gauntlet | Found a transporter.
 28438 | Gauntlet | Found a transporter.
 28438 | Gauntlet | Found a runed translucent door.
 28438 | Gauntlet | Found a runed translucent door.
 28444 | Gauntlet | Found a transporter.
 28457 | Gauntlet | Found a transporter.
 28475 | Gauntlet | Found a transporter.
 28475 | Gauntlet | Found a transporter.
 28475 | Gauntlet | Found a transporter.
 28478 | Gauntlet | Found a transporter.
 28478 | Gauntlet | Found a transporter.
 28492 | Gauntlet | Found a transporter.
 28510 | Gauntlet | Found a transporter.
 28523 | Gauntlet | Found a transporter.
 28535 | Gauntlet | Found a transporter.
 28555 | Gauntlet | Found a transporter.
 28555 | Gauntlet | Found the +3 pair of mountain boots {steadfast, rC+}
 28625 | Gauntlet | Reached skill level 5 in Evocations
 28801 | Gauntlet | Identified the +2 cloak of Past Mistakes {rN+ Int+4 Dex+4}
 28815 | Gauntlet | Identified the +2 tower shield of Inevitability {rPois}
 28815 | Gauntlet | Identified the ring of Houteess {rPois Stlth+}
 28888 | Gauntlet | Identified the +2 robe of Ybusih {Dex+5}
 29047 | Orc:2    | Paralysed by an orc sorcerer for 4 turns
 29267 | Orc:2    | Found Gylel's Antique Armour Emporium.
 29268 | Orc:2    | Found Riep's Antique Weapon Shoppe.
 29270 | Orc:2    | Found Ciehig's General Store.
 29270 | Orc:2    | Found Culatroix's Book Emporium.
 29286 | Orc:2    | Bought a manual of Spellcasting for 1200 gold pieces
 29756 | Orc:2    | Bought a scroll of identify for 28 gold pieces
 30015 | Swamp:1  | Entered Level 1 of the Swamp
 30119 | Swamp:1  | Noticed Roxanne
 30244 | Swamp:1  | Reached XP level 17. HP: 61/145 MP: 0/0
 30244 | Swamp:1  | Learned a level 6 spell: Summon Cactus Giant
 30654 | Swamp:1  | Killed Roxanne
 30655 | Swamp:1  | Reached skill level 10 in Spellcasting
 31200 | Swamp:2  | Reached skill level 21 in Fighting
 31424 | Swamp:2  | Noticed a tentacled monstrosity
 31443 | Swamp:2  | Killed a tentacled monstrosity
 31479 | Swamp:2  | Noticed a tentacled monstrosity
 31689 | Swamp:2  | Killed a tentacled monstrosity
 32217 | Swamp:2  | Identified the +0 ice dragon scales of Ydghops {rF- rC++
                  | rN+}
 32591 | Swamp:3  | Noticed a tentacled monstrosity
 32607 | Swamp:3  | Killed a tentacled monstrosity
 33020 | Swamp:4  | Entered Level 4 of the Swamp
 33032 | Swamp:4  | Noticed Bai Suzhen
 33062 | Swamp:3  | Killed from afar by Bai Suzhen

Illustrated notes

Levels and vault maps discovered:
D:1:      lemuel_arrival_tunnels, layout_basic, serial_shops,
          nicolae_shop_crystal, shop, nicolae_square_shop, nicolae_shop_trees,
          nicolae_shop_overgrown_old_shop, hellmonk_ecumenical_altar_crossroads
D:2:      layout_rooms, chequers_serial_rivers_marsh, uniq_sigmund
D:3:      layout_loops_ring, mainiacjoe_overflow_alcove_4,
          nicolae_uskayaw_en_pointe, uniq_crazy_yiuf_cottage, uniq_natasha,
          uniq_terence
D:4:      wad_lake_hut, layout_rooms, mainiacjoe_overflow_small_starburst
D:5:      layout_loops_corners, mainiacjoe_overflow_boulevard,
          minmay_temple_entry_arrows, uniq_eustachio, uniq_prince_ribbit1,
          uniq_menkaure
D:6:      layout_loops_ring, trog_ov_bears_minmay, uniq_duvessa
D:7:      layout_loops_ring, chequers_temple_overflow_statue_of_worship,
          lemuel_round_altar, kennysheep_little_box, enter_bailey_4
D:8:      layout_loops_corners, nicolae_overflow_hidden_temple, uniq_psyche,
          uniq_maurice, uniq_grum, uniq_erica
D:9:      layout_loops_ring, dpeg_oklobed_lair, serial_shops,
          nicolae_shop_statue_plus, nicolae_good_shop
D:10:     layout_roguey, lemuel_crystal_altar, minmay_orc_entry_guard_dogs,
          grunt_decor_one_mirror, grunt_decor_junction
D:11:     layout_basic
D:12:     layout_irregular_city, gammafunk_ghost_hive
D:13:     layout_cave_pools, maelrawn_ghost_gauntlet_escape,
          nicolae_shop_clearance, uniq_nessos
D:14:     layout_long_grid, ximxim_vaults_locker_room, chequers_garden,
          drop_trap
D:15:     grunt_enter_depths_giant_problem, layout_rooms, serial_shops, shop
Temple:   kb_temple_of_zot
Lair:1:   layout_regular_city, lemuel_fruit_tree
Lair:2:   layout_hall_layers, serial_bayou_shore_a, lemuel_fruit_fields,
          uniq_nergalle
Lair:3:   layout_regular_city, skrybe_swamp_entry_bodies,
          nicolae_spider_entry_non_spiders, patterned_corridor
Lair:4:   layout_roguey, infiniplex_staircase_pool
Lair:5:   grunt_lair_end_beastmaster, layout_cellular_growth,
          minmay_slime_entry_jelly_boxes, st_stairs_3, kilobyte_rumbling_trees
Swamp:1:  layout_basic_swamp, evilmike_swamp_ruin_house_3, uniq_roxanne
Swamp:2:  nzn_winding_woodlands_cross [nzn_winding_woodlands_5x15_jagged,
          nzn_winding_woodlands_5x15_concentric,
          nzn_winding_woodlands_5x15_zeroes,
          nzn_winding_woodlands_5x15_lazy_stream,
          nzn_winding_woodlands_15x15_boxy_spiral], layout_falls_marsh,
          evilmike_swamp_ruin_house_2
Swamp:3:  layout_basic_swamp, basic_altar
Swamp:4:  swamp_basic_johnstein, layout_basic_swamp, uniq_bai_suzhen
Orc:1:    layout_caves
Orc:2:    st_orc_congregation, layout_caves, gauntlet_entry_generic,
          nicolae_orc_rockfall, mines_bat_river

Skill      XL: |  1  2  3  4  5  6  7  8  9 10 11 12 13 14 15 16 17 |
---------------+----------------------------------------------------+-----
Spellcasting   | 3 5 6 7 8 9 12 | 12.9
Fighting       | 3 5 7 11 14 16 19 20 21 | 21.4
Armour         | 3 4 |  4.0
Shields        | 3 4 |  4.0
Dodging        | 7 13 15 | 15.2
Evocations     | 8 |  8.2
Stealth        | |  1.5

Action                   |  1- 3 |  4- 6 |  7- 9 | 10-12 | 13-15 | 16-18 || total
-------------------------+-------+-------+-------+-------+-------+-------++-------
Melee: Unarmed           |       |       |     1 |       |       |       ||     1
 Cast: Shock             |    53 |    63 |    64 |    35 |       |       ||   215
       Static Discharge  |     5 |     7 |     7 |     1 |       |       ||    20
       Call Imp          |       |     3 |     5 |     1 |     1 |     2 ||    12
       Airstrike         |       |       |    68 |   309 |   586 |   539 ||  1502
       Conjure Flame     |       |       |     1 |       |       |       ||     1
       Summon Lightning  |       |       |    13 |    74 |    79 |   100 ||   266
       Swiftness         |       |       |       |     3 |     1 |       ||     4
       Lightning Bolt    |       |       |       |       |    31 |    50 ||    81
       Hailstorm         |       |       |       |       |       |     3 ||     3
       Summon Cactus Gia |       |       |       |       |       |    10 ||    10
  Use: Scroll            |       |       |    15 |     7 |     6 |    14 ||    42
       Potion            |       |       |       |     1 |     1 |    18 ||    20
Armor: Robe              |       |       |     3 |    14 |       |       ||    17
       Troll leather arm |       |       |       |     3 |    63 |    73 ||   139
Dodge: Dodged            |     3 |     4 |     4 |    59 |    93 |   129 ||   292
Block: Buckler           |       |       |       |     9 |    41 |    37 ||    87
